 Dungeon Crawl Stone Soup version 0.30.0-18-gc0e69614cb (webtiles) character file.

Game seed: 6552519557348167406

105083 JanusIIV the Brawler (level 15, -12/234 HPs)
             Began as a Troll Fighter on May 24, 2023.
             Was the Champion of Wu Jian.
             Killed from afar by a shock serpent (19 damage)
             ... with a bolt of electricity
             ... on level 4 of the Snake Pit.
             The game lasted 01:01:25 (23688 turns).

JanusIIV the Brawler (Troll Fighter)               Turns: 23688, Time: 01:01:26

Health: -12/234    AC: 31    Str: 28    XL:     15   Next: 93%
Magic:  14/14      EV:  1    Int: 10    God:    Wu Jian [******]
Gold:   239        SH: 23    Dex:  9    Spells: 14/14 levels left

rFire   . .          .
                       - Unarmed
rCold   . . .        N - +2 tower shield {rN+}
rNeg    + . .        P - melded +0 robe {rC+}
rPois   +            u - melded +2 hat {Int+3}
rElec   .            e - melded +2 cloak {Will+}
rCorr   .            (gloves unavailable)
SInv    .            (boots unavailable)
Will    +....        s - amulet of reflection
Stlth   +            C - +4 ring of protection
HPRegen 1.39/turn    v - ring of poison resistance
MPRegen 0.14/turn

%: reflection
@: tree-form, marked, invisible
A: stationary, stasis, torment immunity, boosted hp, large, unfitting armour,
(claws 3), regeneration 1, (shaggy fur 1), (tough skin 1)
a: Renounce Religion, Wall Jump, Serpent's Lash, Heavenly Storm


You were on level 4 of the Snake Pit.
You worshipped Wu Jian.
Wu Jian was exalted by your worship.
You were a tree.
You visited 5 branches of the dungeon, and saw 22 of its levels.

You collected 2431 gold pieces.
You spent 2192 gold pieces at shops.

Inventory:

Missiles
 c - 4 large rocks (quivered)
 A - 21 boomerangs
 D - 4 atropa-tipped darts
Armour
 e - a +2 cloak of willpower (melded)
 u - a +2 hat of intelligence (melded)
 N - a +2 tower shield of positive energy (worn)
 P - a +0 robe of cold resistance (melded)
 Q - a +0 robe of willpower
Jewellery
 a - a +5 ring of evasion
 i - a ring of positive energy
 q - a ring of flight
 s - an amulet of reflection (around neck)
 v - a ring of poison resistance (right branch)
 x - a ring of protection from fire
 B - a ring of see invisible
 C - a +4 ring of protection (left branch)
 G - a ring of willpower
Wands
 b - a wand of flame (4)
 d - a wand of charming (4)
 F - a wand of light (2)
 M - a wand of polymorph (10)
Scrolls
 f - 3 scrolls of poison
 h - 4 scrolls of vulnerability
 n - 2 scrolls of enchant armour
 p - a scroll of summoning
 r - a scroll of silence
 t - a scroll of immolation
 y - 2 scrolls of teleportation
 z - 12 scrolls of identify
 H - 3 scrolls of amnesia
 L - a scroll of fog
Potions
 j - 2 potions of lignification
 l - 4 potions of brilliance
 m - a potion of cancellation
 o - 4 potions of attraction
 w - 8 potions of flight
 E - a potion of berserk rage


   Skills:
 + Level 11.8 Fighting
 - Level 9.9 Dodging
 + Level 12.9 Shields
 * Level 18.9 Unarmed Combat


You had 14 spell levels left.
You didn't know any spells.
Your spell library contained the following spells:

 Spells                   Type           Power      Damage    Failure   Level
 Freeze                   Ice            0%         1d3       67%         1
 Sandblast                Erth           0%         2d4       67%         1
 Ensorcelled Hibernation  Hex/Ice        0%         N/A       80%         2
 Passwall                 Tmut/Erth      0%         N/A       80%         2
 Dazzling Flash           Conj/Hex       0%         N/A       95%         3
 Frozen Ramparts          Ice            0%         1d1       95%         3
 Hailstorm                Conj/Ice       0%         3d3       95%         3
 Ozocubu's Armour         Ice            0%         N/A       95%         3
 Portal Projectile        Hex/Tloc       0%         N/A       95%         3
 Spider Form              Tmut/Pois      0%         N/A       95%         3
 Stone Arrow              Conj/Erth      0%         3d7       95%         3
 Tukima's Dance           Hex            0%         N/A       95%         3
 Volatile Blastmotes      Fire/Tloc      0%         2d10      95%         3
 Anguish                  Hex/Necr       0%         N/A       100%        4
 Animate Armour           Summ/Erth      0%         N/A       100%        4
 Ice Form                 Ice/Tmut       0%         N/A       100%        4
 Iskenderun's Mystic Bla  Conj/Tloc      0%         2d3       100%        4
 Summon Ice Beast         Ice/Summ       0%         N/A       100%        4
 Blade Hands              Tmut           0%         N/A       100%        5
 Metabolic Englaciation   Hex/Ice        0%         N/A       100%        5
 Conjure Ball Lightning   Conj/Air       0%         3x3d6     100%        6
 Simulacrum               Ice/Necr       0%         N/A       100%        6
 Starburst                Conj/Fire      0%         6d3       100%        6
 Discord                  Hex            0%         N/A       100%        8
 Disjunction              Tloc           0%         N/A       100%        8
 Lehudib's Crystal Spear  Conj/Erth      0%         10d2      100%        8


Dungeon Overview and Level Annotations

Branches:
Dungeon (11/15)            Temple (1/1) D:6            Lair (4/5) D:11
  Swamp (0/4) Lair:3        Snake (4/4) Lair:3          Orc (2/2) D:10
    Elf (0/3) Orc:2
  Slime: Lair:4-5

Altars:
Ashenzari
Cheibriados
Dithmenos
Elyvilon
Fedhas
Gozag
Hepliaklqana
Kikubaaqudgha
Makhleb
Nemelex Xobeh
Okawaru
Qazlal
Ru
Sif Muna
Trog
Uskayaw
Vehumet
Wu Jian
Xom
Yredelemnul
Zin
The Shining One

Shops:
D:1 (   D:2 (   D:7 [   D:10 (   Orc:1 (   Orc:2 ?==*   Snake:1 *(   Snake:3 *
Snake:4 *

Annotations:
D:2 1 runed translucent door, Crazy Yiuf
D:9 exclusion: statue


Innate Abilities, Weirdness & Mutations

You are a tree.
Your roots penetrate the ground, keeping you stationary.
You cannot be teleported.
You are immune to unholy pain and torment.
Your maximum health is greatly increased.
Your equipment is partially melded.
You are too large for most types of armour.
((You have claws for hands.))
Your natural rate of healing is unusually fast.
((You are covered in fur. (AC +1)))
((You have tough skin. (AC +1)))


Message History

* * * LOW HITPOINT WARNING * * *
The salamander hits you but does no damage.
The black mamba bites you but does no damage.
The salamander tyrant calls gouts of flame from the lava!
The flame surge hits you!!!
* * * LOW HITPOINT WARNING * * *
You are too confused!
Okay, then.
You cannot move. (Use ctrl+direction or * direction to attack while stationary and confused.)
You pummel the salamander mystic!!
The salamander mystic is heavily wounded.
A salamander mystic comes into view. It is wielding a +0 quarterstaff.
The salamander mystic hits you but does no damage.
The salamander hits you but does no damage.
You pummel the salamander mystic!!
The salamander mystic is almost dead.
You feel less invigorated.
You feel less confused. You block the black mamba's attack.
The naga sharpshooter gestures wildly while chanting.
The naga sharpshooter magically shoots an arrow.
You block the arrow with an invisible shield... and reflect it back!
The salamander mystic gestures at you while chanting.
The bolt of magma hits you.
* * * LOW HITPOINT WARNING * * *
The shock serpent bites you but does no damage.
You thrash the salamander mystic!!!
You kill the salamander mystic!
The Council accepts your kill. You block the black mamba's attack.
A salamander comes into view.
You block the black mamba's attack.
The shock serpent bites you but does no damage.
A naga sharpshooter comes into view. It is wielding a +0 battleaxe.
As you read the scroll of summoning, it crumbles to dust.
Wisps of shadow whirl around you...
The black mamba bites you but does no damage.
The shock serpent shoots out a bolt of lightning at you!
The bolt of electricity hits you!!
You die...

#........# #....###.###
#....# #...### ##.###
#....## #### #.# #......
#...## #.# ##.....
#...N######.### #####.
##.#....N........########.
....N..S)♣S...............
.....N.NSS.........###....
..N..##N###NN.............
.... ......N...##...#####.
##.............##...# #.
#..####..........#######.
#..## ####..####......##.
... ##.........##..#.
#.####....##..........


You could see 2 naga sharpshooters, a salamander tyrant (unable to see you), a
salamander mystic (unable to see you), 3 salamanders, 2 shock serpents, a black
mamba (unable to see you, ally target), 2 friendly naga sharpshooters, a
friendly anaconda (summoned) and a friendly naga mage (summoned).

Vanquished Creatures
  Gastronok (Lair:2)
  Agnes (Snake:4)
  4 nagarajas
  An orc warlord (Orc:2)
  Snorg (Lair:3)
  A salamander tyrant (Snake:2)
  2 hydras (Lair:3)
  7 anacondas
  2 boulder beetles
  Erica (Lair:2)
  An alligator (Lair:3)
  17 naga warriors
  6 orc high priests
  8 naga sharpshooters
  Sonja (D:10)
  10 shock serpents
  A skyshark (Lair:4)
  2 salamander mystics
  A sea snake (Lair:2)
  4 naga ritualists
  Pikel (D:9)
  7 orc knights
  An oklob plant (Orc:2)
  15 salamanders
  10 mana vipers
  A manticore (D:11)
  29 black mambas
  Joseph (D:7)
  3 guardian serpents
  9 cane toads
  8 naga magi
  2 gargoyles
  A rime drake (Lair:1)
  An unseen horror (D:10)
  6 komodo dragons
  2 tengu conjurers (D:9)
  4 trolls
  A hornet (D:9)
  17 blink frogs
  2 shadows (D:11)
  A wraith (D:11)
  A fire bat (D:11)
  2 vampires
  22 yaks
  2 steam dragons
  2 basilisks
  3 wyverns
  5 wargs
  4 vampire mosquitoes (D:10)
  53 nagas
  8 water moccasins
  34 orc warriors
  6 black bears
  8 ogres
  2 ice beasts (D:7)
  3 sky beasts
  11 wolves
  6 centaurs
  3 lemures (D:9)
  A phantom (D:8)
  A kobold brigand (D:6)
  9 bullfrogs
  2 gnoll sergeants
  2 scorpions
  19 wights
  10 killer bees
  7 electric eels
  2 howler monkeys
  11 hounds
  2 jellies
  29 orc priests
  A sleepcap (D:6)
  Natasha (thrice) (D:4)
  3 iguanas
  19 orc wizards
  Robin (D:3)
  5 adders
  12 gnolls
  2 white imps
  2 ufetubi
  A worm (D:3)
  4 dart slugs
  71 orcs
  6 ball pythons
  5 endoplasms
  5 giant cockroaches
  17 goblins
  11 hobgoblins
  4 jackals (D:1)
  10 kobolds
  2 quokkas
  6 bats
  A frilled lizard (D:3)
  5 rats
660 creatures vanquished.

Vanquished Creatures (collateral kills)
  A shock serpent (Snake:4)
  A mana viper (Snake:4)
  A naga mage (Snake:4)
  3 nagas (Snake:4)
6 creatures vanquished.

Vanquished Creatures (others)
  A salamander mystic (Snake:2)
  An orc (D:11)
2 creatures vanquished.

Grand Total: 668 creatures vanquished

Notes
Turn   | Place    | Note
-------+----------+-------------------------------------------
     0 | D:1      | JanusIIV the Troll Fighter began the quest for the Orb.
     0 | D:1      | Reached XP level 1. HP: 22/22 MP: 0/0
    54 | D:1      | Reached XP level 2. HP: 29/29 MP: 1/1
    62 | D:1      | Found Lusurph's Antique Weapon Emporium.
   691 | D:2      | Found Kysetas's Weapon Emporium.
   771 | D:2      | Reached XP level 3. HP: 35/36 MP: 2/2
   870 | D:2      | Found a runed translucent door.
   871 | D:2      | Noticed Crazy Yiuf
  1028 | D:2      | Reached skill level 3 in Unarmed Combat
  1666 | D:3      | Found a stormy altar of Qazlal.
  1792 | D:3      | Noticed Robin
  1819 | D:3      | Reached XP level 4. HP: 44/44 MP: 3/3
  1829 | D:3      | Killed Robin
  1860 | D:3      | Found a hide-covered altar of Uskayaw.
  1873 | D:3      | Found a burning altar of Makhleb.
  2403 | D:4      | Noticed an ogre
  2414 | D:4      | Killed an ogre
  2415 | D:4      | Reached skill level 4 in Unarmed Combat
  2415 | D:4      | Reached XP level 5. HP: 53/53 MP: 4/4
  2423 | D:4      | Noticed Natasha
  2430 | D:4      | Killed Natasha
  2486 | D:4      | Reached XP level 6. HP: 61/61 MP: 5/5
  2546 | D:4      | Reached skill level 5 in Unarmed Combat
  2666 | D:4      | Noticed Natasha
  2671 | D:4      | Killed Natasha
  2736 | D:4      | Reached XP level 7. HP: 63/68 MP: 6/6
  2747 | D:4      | Reached skill level 6 in Unarmed Combat
  2915 | D:4      | Noticed Natasha
  2921 | D:4      | Killed Natasha
  3281 | D:5      | Entered Level 5 of the Dungeon
  3615 | D:5      | Reached XP level 8. HP: 69/79 MP: 7/7
  3732 | D:5      | Reached skill level 5 in Shields
  3763 | D:5      | Reached skill level 7 in Unarmed Combat
  4295 | D:6      | Found a staircase to the Ecumenical Temple.
  4303 | Temple   | Entered the Ecumenical Temple
  4317 | Temple   | Became a worshipper of the Wu Jian Council
  4562 | D:6      | Reached skill level 5 in Fighting
  4659 | D:6      | Reached skill level 8 in Unarmed Combat
  4928 | D:6      | Reached XP level 9. HP: 78/88 MP: 8/8
  5112 | D:7      | Found Heafet's Armour Shop.
  5115 | D:7      | Bought a +1 cloak of willpower for 247 gold pieces
  5156 | D:7      | Found a bloodstained altar of Trog.
  5170 | D:7      | Reached * piety under Wu Jian
  5195 | D:7      | Reached skill level 9 in Unarmed Combat
  5375 | D:7      | Found an ancient bone altar of Kikubaaqudgha.
  5383 | D:7      | Noticed Joseph
  5418 | D:7      | Killed Joseph
  5720 | D:7      | Found a broken altar of Ashenzari.
  5865 | D:7      | Reached skill level 10 in Unarmed Combat
  6281 | D:8      | Reached XP level 10. HP: 93/100 MP: 9/9
  6483 | D:8      | Found a shadowy altar of Dithmenos.
  6722 | D:8      | Reached ** piety under Wu Jian
  7305 | D:9      | Noticed a boulder beetle
  7327 | D:9      | Killed a boulder beetle
  7466 | D:9      | Found a radiant altar of Vehumet.
  7518 | D:9      | Found the sphere of Battle
  7546 | D:9      | Reached skill level 11 in Unarmed Combat
  8160 | D:9      | Noticed Pikel
  8165 | D:9      | Paralysed by a hornet for 1 turns
  8169 | D:9      | Reached skill level 5 in Dodging
  8174 | D:9      | Killed Pikel
  8264 | D:9      | HP: 1/101 [vampire (8)]
  8313 | D:9      | Noticed a gargoyle
  8363 | D:9      | Killed a gargoyle
  8364 | D:9      | Reached XP level 11. HP: 95/109 MP: 10/10
  8455 | D:9      | Found a large runed translucent door.
  8456 | D:9      | Found a large runed translucent door.
  8472 | D:9      | Found a blossoming altar of Fedhas.
  8477 | D:9      | Found an iron altar of Okawaru.
  8906 | D:10     | Entered Level 10 of the Dungeon
  8978 | D:10     | Found Leixza's Weapon Shop.
  9163 | D:10     | Reached *** piety under Wu Jian
  9277 | D:10     | Found an opulent altar of Gozag.
  9368 | D:10     | Reached skill level 12 in Unarmed Combat
  9674 | D:10     | Found a staircase to the Orcish Mines.
  9682 | D:10     | Noticed Sonja
  9694 | D:10     | Killed Sonja
 10101 | D:11     | Identified the +6 war axe "Dragonbane" {protect, rPois
                  | rCorr}
 10399 | D:11     | Noticed a boulder beetle
 10427 | D:11     | Killed a boulder beetle
 10428 | D:11     | Reached skill level 13 in Unarmed Combat
 10504 | D:11     | Reached **** piety under Wu Jian
 10746 | D:11     | Reached XP level 12. HP: 118/120 MP: 11/11
 10816 | D:11     | Found a staircase to the Lair.
 11009 | Orc:1    | Entered Level 1 of the Orcish Mines
 11074 | Orc:1    | Noticed an orc high priest
 11094 | Orc:1    | Killed an orc high priest
 11463 | Lair:1   | Entered Level 1 of the Lair of Beasts
 11600 | Lair:1   | Reached ***** piety under Wu Jian
 12182 | Lair:2   | Noticed Erica
 12203 | Lair:2   | Killed Erica
 12416 | Lair:2   | Noticed a seven-headed hydra
 12437 | Lair:2   | Reached skill level 14 in Unarmed Combat
 12758 | Lair:2   | Noticed Gastronok
 12779 | Lair:2   | Killed Gastronok
 12876 | Lair:2   | an 11-headed hydra changed into a sea snake
 13259 | Lair:3   | Noticed Snorg
 13272 | Lair:3   | Killed Snorg
 13440 | Lair:3   | Found a staircase to the Snake Pit.
 13469 | Lair:3   | Noticed an eight-headed hydra
 13471 | Lair:3   | an eight-headed hydra changed into an alligator
 13471 | Lair:3   | Noticed an alligator
 13483 | Lair:3   | Killed an alligator
 13550 | Lair:3   | Noticed a seven-headed hydra
 13846 | Lair:3   | Noticed a five-headed hydra
 13868 | Lair:3   | Killed a five-headed hydra
 13869 | Lair:3   | Reached skill level 10 in Shields
 13869 | Lair:3   | Reached XP level 13. HP: 71/131 MP: 12/12
 14237 | Lair:3   | Found a staircase to the Swamp.
 15185 | Lair:4   | Reached skill level 15 in Unarmed Combat
 15868 | Orc:2    | Entered Level 2 of the Orcish Mines
 15911 | Orc:2    | Found a staircase to the Elven Halls.
 16312 | Orc:1    | Found Masohox's Antique Weapon Emporium.
 16383 | Orc:1    | Noticed an orc warlord
 16427 | Orc:2    | Killed an orc warlord
 17166 | Orc:2    | Reached ****** piety under Wu Jian
 17782 | Orc:2    | Reached skill level 10 in Fighting
 17906 | Orc:2    | Reached skill level 16 in Unarmed Combat
 17921 | Orc:2    | Found Guicucrecs's Magic Scroll Boutique.
 17924 | Orc:2    | Found Dummos's Jewellery Shop.
 17925 | Orc:2    | Found Umoecvuw's General Store.
 17926 | Orc:2    | Found Nobutor's Jewellery Boutique.
 17936 | Orc:2    | Bought an amulet of reflection for 390 gold pieces
 17942 | Orc:2    | Bought a scroll of poison for 48 gold pieces
 17942 | Orc:2    | Bought a scroll of summoning for 114 gold pieces
 17943 | Orc:2    | Bought a ring of poison resistance for 260 gold pieces
 18011 | Orc:2    | Bought a +4 ring of protection for 540 gold pieces
 18192 | Snake:1  | Entered Level 1 of the Snake Pit
 18199 | Snake:1  | Reached XP level 14. HP: 143/143 MP: 13/13
 18671 | Snake:1  | Identified the +3 great sword "Ustuehoz" {flame, *Corrode
                  | rPois rC+++ Stlth+}
 18911 | Snake:1  | Found Jaosag's Antique Weapon Boutique.
 18913 | Snake:1  | Found Basuqeb's Assorted Antiques.
 19896 | Snake:2  | Noticed a nagaraja
 19907 | Snake:2  | Killed a nagaraja
 19930 | Snake:2  | Reached skill level 17 in Unarmed Combat
 20008 | Snake:2  | Noticed a nagaraja
 20027 | Snake:2  | Killed a nagaraja
 21408 | Snake:3  | Found Yteof's Assorted Antiques.
 21423 | Snake:3  | Reached XP level 15. HP: 102/152 MP: 0/14
 21535 | Snake:3  | Bought a scroll of summoning for 266 gold pieces
 21535 | Snake:3  | Bought an encrusted peridot ring for 140 gold pieces
 21535 | Snake:3  | Bought a potion of curing for 84 gold pieces
 21535 | Snake:3  | Bought an embroidered robe for 103 gold pieces
 22309 | Snake:3  | Reached skill level 18 in Unarmed Combat
 22621 | Snake:4  | Entered Level 4 of the Snake Pit
 22639 | Snake:4  | Noticed a nagaraja
 22658 | Snake:4  | Killed a nagaraja
 23260 | Snake:4  | Noticed a nagaraja
 23281 | Snake:4  | Killed a nagaraja
 23354 | Snake:4  | Found Usevis's Gadget Gallery.
 23443 | Snake:4  | HP: 6/156 [guardian serpent (12)]
 23656 | Snake:4  | Noticed Agnes
 23674 | Snake:4  | Killed Agnes
 23684 | Snake:4  | HP: 1/234 [salamander tyrant/flame surge (48)]
 23688 | Snake:4  | Killed from afar by a shock serpent

Illustrated notes

Levels and vault maps discovered:
D:1:      minmay_arrival_solitary_statue, layout_loops_cross, serial_shops,
          nicolae_shop_tiny_waterfront
D:2:      layout_basic, serial_shops, nicolae_shop_bloodbath_and_beyond,
          uniq_crazy_yiuf_cottage
D:3:      layout_basic, nicolae_overflow_squiral, amcnicky_altar_gilded,
          uniq_robin
D:4:      layout_basic, hangedman_glass_teeth, hangedman_minor_gate_pass,
          uniq_natasha
D:5:      layout_basic, gup_sewer_entry_bowl, minmay_door_square,
          grunt_ministairs_3, grunt_decor_one_mirror
D:6:      cheibrodos_two_vegetables, layout_rooms,
          minmay_temple_entry_glassed_door
D:7:      minmay_evil_eye, layout_loops_ring, nicolae_overflow_hidden_temple,
          fountainhead, nicolae_stop_n_shop_2, minivault_4, hex_medium,
          abandoned_shop, uniq_joseph
D:8:      layout_loops_corners, grunt_dithmenos_shadows
D:9:      layout_basic, jmf_multi_god_temple2, vehumet_statue,
          hellmonk_guarded_unrand_sphere_of_battle, uniq_pikel
D:10:     layout_cave_pods, mainiacjoe_overflow_small_starburst, orc_0_dummy,
          serial_shops, shop, uniq_sonja
D:11:     layout_roguey, erik_lair_island, serial_rivers,
          chequers_serial_rivers_room_b, chequers_serial_rivers_small_a,
          chequers_serial_rivers_large_a, chequers_serial_rivers_small_b,
          hangedman_decor_clover_reticule
Temple:   jpeg_temple_clearing
Lair:1:   layout_cave_shapes, chequers_serial_rivers_room_a,
          eino_small_chamber_without_monster, hangedman_lair_unloving_vines,
          grunt_megastairs_4
Lair:2:   layout_regular_city, uniq_erica, uniq_gastronok
Lair:3:   layout_cave_pods, minmay_swamp_entry_eels,
          guppyfry_snake_entry_island, pdpol_lair_cavern_descent,
          serial_bayou_shore_b, lemuel_fruit_tree, infiniplex_staircase_pool,
          uniq_snorg
Lair:4:   layout_regular_city
Snake:1:  layout_layer_cave, minmay_shoptagon
Snake:2:  layout_concentric_octagons, nicolae_snake_gridmaze_waves, st_stairs_5,
          nicolae_triple_integral
Snake:3:  layout_onion, serial_shops, nicolae_shop_statue_plus
Snake:4:  snake_pit_salamanders_mu, layout_misc_corridors, nicolae_shop_gadgets,
          uniq_agnes
Orc:1:    layout_caves, serial_shops, nicolae_square_shop
Orc:2:    st_orc_pillars, layout_caves, mines3_lemuel

Skill      XL: |  1  2  3  4  5  6  7  8  9 10 11 12 13 14 15 |
---------------+----------------------------------------------+-----
Shields        | 3 4 5 6 7 8 10 11 12 | 12.9
Unarmed Combat | 3 4 5 6 8 10 11 13 14 16 17 18 | 18.9
Fighting       | 3 4 5 6 7 8 9 10 11 | 11.8
Dodging        | 4 5 6 7 8 9 |  9.9

Action                     |  1- 3 |  4- 6 |  7- 9 | 10-12 | 13-15 || total
---------------------------+-------+-------+-------+-------+-------++-------
  Melee: Unarmed           |   115 |   120 |   291 |   710 |  1253 ||  2489
  Throw: Dart              |       |       |       |     5 |       ||     5
         Large rock        |       |       |       |     4 |     6 ||    10
 Invoke: Serpent's Lash    |       |       |       |     1 |       ||     1
Ability: Lunge             |       |       |     7 |    47 |    96 ||   150
         Whirlwind         |       |       |     4 |     9 |   120 ||   133
         Wall Jump         |       |       |       |     1 |       ||     1
  Evoke: Wand              |       |       |       |    24 |    10 ||    34
    Use: Potion            |       |     1 |     7 |     7 |    19 ||    34
         Scroll            |       |       |    11 |    18 |     6 ||    35
   Stab: Sleeping          |     1 |       |     1 |       |       ||     2
         Invisible         |       |       |       |     3 |       ||     3
 Armour: Robe              |    37 |    41 |    73 |   142 |   158 ||   451
         Skin              |       |       |     7 |     5 |    47 ||    59
  Dodge: Dodged            |    28 |    41 |    94 |   209 |   280 ||   652
  Block: Kite shield       |    46 |    46 |   111 |   275 |   277 ||   755
         Reflection        |       |       |       |       |    93 ||    93
         Tower shield      |       |       |       |       |   509 ||   509
